 Dungeon Crawl Stone Soup version 0.30-a0-371-gad7725a93e (webtiles) character file.

Game seed: 13191458065292130971

21511 snetch the Fighter (level 12, 0/169 HPs)
             Began as a Minotaur Berserker on Nov 18, 2022.
             Was an Elder of Trog.
             Slain by a skeletal warrior
             ... wielding a +0 war axe
              (14 damage)
             ... on level 11 of the Dungeon on Nov 21, 2022.
             The game lasted 00:43:50 (11464 turns).

snetch the Fighter (Minotaur Berserker)            Turns: 11464, Time: 00:43:50

Health: 0/169      AC: 11    Str: 26    XL:     12   Next: 54%
Magic:  11/11      EV: 14    Int:  4    God:    Trog [****..]
Gold:   1005       SH:  0    Dex: 15    Spells: 11/11 levels left

rFire   + . .      SeeInvis +    a - +8 hammer of the Little People {vorpal, rElec rCorr Dex+4 SInv}
rCold   . . .      Faith    .    (no shield)
rNeg    . . .      Spirit   .    G - +2 ring mail {rF+}
rPois   .          Reflect  .    (helmet restricted)
rElec   +          Harm     .    L - +0 cloak {rCorr}
rCorr   +          Rampage  .    (no gloves)
Will    ++...                    (no boots)
Stlth   ..........               V - amulet of the acrobat
HPRegen 1.48/turn                (no ring)
MPRegen 0.12/turn                (no ring)

@: berserking, strong-willed, regenerating, very quick
A: horns 2, retaliatory headbutt
a: Renounce Religion, Berserk, Trog's Hand, Brothers in Arms


You were on level 11 of the Dungeon.
You worshipped Trog.
Trog was greatly pleased with you.
You visited 2 branches of the dungeon, and saw 12 of its levels.
You also visited: Ossuary.

You collected 1005 gold pieces.

Inventory:

Hand Weapons
 a - the +8 hammer of the Little People (weapon) {vorpal, rElec rCorr Dex+4 SInv}
   (You found it on level 6 of the Dungeon)

   It inflicts extra damage upon your enemies.
   Dex:       It affects your dexterity (+4).
   rElec:     It insulates you from electricity.
   SInv:      It lets you see invisible.
   rCorr:     It protects you from acid and corrosion.
 b - a +7 eveningstar
 c - a +0 trident
 d - a +0 war axe
Missiles
 o - 13 poisoned darts (quivered)
 A - 95 stones
 F - 7 boomerangs
 M - 5 throwing nets
 P - 21 javelins
Armour
 G - a +2 ring mail of fire resistance (worn)
 L - a +0 cloak of preservation (worn)
 Y - a +0 plate armour
Jewellery
 n - a ring of ice
 V - an amulet of the acrobat (around neck)
Wands
 m - a wand of iceblast (7)
 r - a wand of digging (1)
 I - a wand of paralysis (22)
 T - a wand of polymorph (6)
Scrolls
 e - 5 scrolls of magic mapping {unknown}
 g - 7 scrolls of teleportation {unknown}
 i - 3 scrolls of poison {unknown}
 j - 3 scrolls of vulnerability {unknown}
 p - 3 scrolls of enchant weapon
 q - a scroll of blinking
 s - 2 scrolls of amnesia {unknown}
 u - a scroll of summoning {unknown}
 v - a scroll of acquirement
 x - a scroll of fear
 D - a scroll of enchant armour
 Q - a scroll of immolation {unknown}
 R - a scroll of butterflies {unknown}
 X - a scroll of silence {unknown}
Potions
 f - 4 potions of curing
 h - a potion of attraction
 k - 4 potions of flight {unknown}
 l - 7 potions of lignification {unknown}
 t - a potion of resistance {unknown}
 w - a potion of ambrosia
 z - a potion of haste {unknown}
 B - 2 potions of magic {unknown}
 C - 3 potions of brilliance {unknown}
 E - 3 potions of might
 H - 2 potions of invisibility {unknown}
 J - 2 potions of heal wounds
 N - 7 potions of degeneration {unknown}
 O - 3 potions of mutation {unknown}
 Z - a potion of cancellation
Miscellaneous
 y - a lightning rod (4/4)


   Skills:
 + Level 12.7 Fighting
 + Level 12.1(14.1) Axes
 - Level 11.8(14.0) Maces & Flails
 + Level 2.5 Throwing
 + Level 11.5 Armour
 + Level 7.3 Dodging
 + Level 3.4 Stealth
 + Level 0.4 Evocations


You had 11 spell levels left.
You didn't know any spells.
Your spell library contained the following spells:

 Spells                   Type           Power      Damage    Failure   Level
 Gell's Gravitas          Tloc           0%         N/A       93%         3
 Lesser Beckoning         Tloc           0%         N/A       93%         3
 Teleport Other           Tloc           0%         N/A       93%         3
 Summon Ice Beast         Ice/Summ       0%         N/A       100%        4
 Summon Mana Viper        Hex/Summ       0%         N/A       100%        5
 Monstrous Menagerie      Summ           0%         N/A       100%        7


Dungeon Overview and Level Annotations

Branches:
Dungeon (11/15)            Temple (1/1) D:7            Lair (0/5) D:8
    Orc (0/2) D:10        Ossuary (visited)

Altars:
Ashenzari
Cheibriados
Dithmenos
Elyvilon
Fedhas
Gozag
Hepliaklqana
Kikubaaqudgha
Makhleb
Nemelex Xobeh
Okawaru
Qazlal
Ru
Sif Muna
Trog
Uskayaw
Vehumet
Wu Jian
Xom
Yredelemnul
Zin
The Shining One

Shops:
D:4 =   D:8 (   D:9 :   D:10 [


Innate Abilities, Weirdness & Mutations

You have a pair of horns on your head.
You reflexively headbutt those who attack you in melee.


Message History

The skeletal warrior barely misses you.
Unknown command.
Your skin crawls.
You feel strong-willed.
Your two-headed ogre hits the skeletal warrior but does no damage.
Your two-headed ogre closely misses the skeletal warrior.
The skeletal warrior hits your two-headed ogre with a +0 glaive!
You hit the skeletal warrior.
The skeletal warrior is moderately damaged.
Your two-headed ogre barely misses the skeletal warrior.
Your two-headed ogre hits the skeletal warrior with a +0 giant spiked club!!!
You closely miss the skeletal warrior.
The skeletal warrior is almost destroyed.
The skeletal warrior hits your two-headed ogre with a +0 glaive!!
You hit the skeletal warrior but do no damage.
You headbutt the skeletal warrior, but do no damage.
The skeletal warrior is almost destroyed.
Your two-headed ogre hits the skeletal warrior with a +0 dire flail!
The skeletal warrior is destroyed!
Trog accepts your kill.
Unknown command.
You hit the skeletal warrior but do no damage.
Your headbutt misses the skeletal warrior.
Your two-headed ogre barely misses the skeletal warrior.
Your two-headed ogre hits the skeletal warrior with a +0 giant spiked club!
The skeletal warrior misses you.
The skeletal warrior hits your two-headed ogre with a +0 war axe!
Your two-headed ogre dies!
Your two-headed ogre's corpse disappears in a puff of smoke!
A red film seems to cover your vision as you go berserk!
You feel yourself moving faster!
You feel mighty!
The skeletal warrior hits you with a +0 war axe!!
* * * LOW HITPOINT WARNING * * *
You thump the skeletal warrior!
The skeletal warrior is moderately damaged.
You sock the skeletal warrior!
Your headbutt misses the skeletal warrior.
The skeletal warrior is heavily damaged.
The skeletal warrior hits you with a +0 war axe!
You die...

...##.##).....##.#
..###........#
#..##)###........###.#
#.....##..
...........##........###.#†### #
#####.##..............##.#.# ##
..........##....$....##.#.# ##.
..........#....#..........####..
...............#).##.<.#.....†..
.........#.#...§z((.......####..
......[....##..@#.........## #..
?........####.#.#..........# #..
.........# #.#.#.#.....>..# #..
######...## #...................
.........# ##.....#.#.#..####..
.#######.## ###.#.#...#..# #..
.# #..# #..........# #..
.########.## ##...#....#
.#.........# ###......#..#


You could see a skeletal warrior.

Vanquished Creatures
  Harold (D:10)
  2 dancing weapons (D:3)
  A boulder beetle (D:7)
  3 two-headed ogres
  Urug (D:10)
  Amaemon (D:9)
  2 skeletal warriors (D:11)
  Lodul (D:11)
  A cyclops (D:7)
  A manticore (D:7)
  The ghost of sirJeffrey23 the Cudgeller, a novice FoFi of Elyvilon (D:5)
  Psyche (D:10)
  An orange demon (D:9)
  An unseen horror (D:10)
  A komodo dragon (D:10)
  3 kobold demonologists
  4 trolls
  Grinder (D:5)
  Sigmund (D:3)
  A vampire (D:7)
  2 wraiths
  16 yaks
  2 steam dragons
  5 vampire mosquitoes
  3 wargs (D:8)
  An acid dragon (D:7)
  Duvessa (D:6)
  A water moccasin (D:7)
  2 ice beasts
  3 orc warriors
  8 ogres
  6 centaurs (D:11)
  A phantom (D:8)
  4 bullfrogs
  A kobold brigand (D:7)
  A necrophage (D:7)
  8 scorpions
  4 water moccasin zombies (Ossuary)
  5 wights
  Dowan (D:6)
  7 killer bees
  8 howler monkeys
  2 centaur zombies (Ossuary)
  2 bullfrog zombies (Ossuary)
  A gnoll bouda (D:9)
  5 jellies
  A human zombie (D:6)
  3 orc priests
  4 hounds
  2 iguanas
  A scorpion zombie (Ossuary)
  Ijyb (D:4)
  Terence (D:3)
  7 orc wizards
  Crazy Yiuf (D:6)
  2 ogre zombies (Ossuary)
  8 gnolls
  6 adders
  A shadow imp (D:5)
  A white imp (D:8)
  2 adder zombies (Ossuary)
  4 worms
  A dart slug (D:3)
  25 orcs
  8 ball pythons
  5 bats
  5 endoplasms
  5 giant cockroaches
  A gnoll zombie (Ossuary)
  6 hobgoblins
  6 kobolds
  A quokka (D:4)
  3 frilled lizards
  11 goblins
  5 goblin zombies
  4 hobgoblin zombies (Ossuary)
  4 orc zombies (Ossuary)
  5 rats
  A spectral orc (D:8)
270 creatures vanquished.

Vanquished Creatures (collateral kills)
  2 skeletal warriors (D:11)
  3 yaks (D:11)
  An ogre (D:11)
6 creatures vanquished.

Vanquished Creatures (others)
  A human (D:6)
  An orc wizard (D:10)
  12 plants (D:7)
14 creatures vanquished.

Grand Total: 290 creatures vanquished

Notes
Turn   | Place    | Note
-------+----------+-------------------------------------------
     0 | D:1      | snetch the Minotaur Berserker began the quest for the Orb.
     0 | D:1      | Reached XP level 1. HP: 19/19 MP: 0/0
    55 | D:2      | Reached XP level 2. HP: 18/27 MP: 1/1
   222 | D:3      | Reached XP level 3. HP: 33/33 MP: 2/2
   400 | D:2      | Reached ** piety under Trog
   444 | D:3      | Noticed Sigmund
   509 | D:3      | Reached skill level 5 in Axes
   509 | D:3      | Reached XP level 4. HP: 41/41 MP: 3/3
   511 | D:3      | Killed Sigmund
   512 | D:3      | Reached skill level 5 in Fighting
   512 | D:3      | Reached XP level 5. HP: 48/48 MP: 4/4
   520 | D:3      | Noticed a +0 dagger
  1017 | D:3      | Noticed Terence
  1025 | D:3      | Killed Terence
  1026 | D:3      | Reached XP level 6. HP: 56/56 MP: 5/5
  1552 | D:3      | Found a bloodstained altar of Trog.
  1562 | D:4      | Reached *** piety under Trog
  1627 | D:4      | Noticed Ijyb
  1642 | D:4      | Killed Ijyb
  1662 | D:3      | Noticed a +0 dagger
  1662 | D:3      | Found a hide-covered altar of Uskayaw.
  1874 | D:3      | Killed a +0 dagger
  1875 | D:3      | Reached skill level 5 in Armour
  1875 | D:3      | Reached XP level 7. HP: 63/63 MP: 6/6
  1875 | D:3      | Reached XP level 8. HP: 70/70 MP: 7/7
  1875 | D:3      | Killed a +0 dagger
  2284 | D:5      | Entered Level 5 of the Dungeon
  2381 | D:4      | Found Qaen's Jewellery Shop.
  2540 | D:4      | Found a stormy altar of Qazlal.
  2825 | D:5      | Found a white marble altar of Elyvilon.
  2828 | D:5      | Noticed Grinder
  2832 | D:5      | Paralysed by Grinder for 2 turns
  2839 | D:5      | Killed Grinder
  2840 | D:5      | Reached skill level 10 in Axes
  2840 | D:5      | Reached skill level 1 in Stealth
  2875 | D:6      | Reached XP level 9. HP: 48/78 MP: 8/8
  2888 | D:6      | Found a hazy altar of Hepliaklqana.
  3081 | D:5      | Identified the +1 robe "Gumnisa" {-Cast +Blink rPois}
  3086 | D:6      | Noticed Duvessa
  3086 | D:6      | Noticed Dowan
  3091 | D:6      | Killed Dowan
  3099 | D:6      | Killed Duvessa
  3544 | D:5      | Found a runed translucent door.
  3544 | D:5      | Noticed sirJeffrey23's ghost (novice FoFi)
  3558 | D:5      | Killed sirJeffrey23's ghost
  4311 | D:6      | Identified the +8 hammer of the Little People {vorpal,
                  | rElec rCorr Dex+4 SInv}
  4319 | D:6      | Found a runed translucent door.
  4320 | D:6      | Noticed Crazy Yiuf
  4325 | D:6      | Killed Crazy Yiuf
  4401 | D:7      | Reached skill level 1 in Maces & Flails
  4494 | D:7      | Reached **** piety under Trog
  4843 | D:6      | Found an ancient bone altar of Kikubaaqudgha.
  4938 | D:7      | Upgraded the game from 0.30-a0-368-g86fb4627a9 to
                  | 0.30-a0-371-gad7725a93e
  4960 | D:8      | Found a broken altar of Ashenzari.
  5017 | D:8      | Reached XP level 10. HP: 49/88 MP: 9/9
  5057 | D:8      | Found a sand-covered staircase.
  5096 | Ossuary  | Entered an ossuary
  5291 | Ossuary  | Reached skill level 5 in Maces & Flails
  5552 | D:7      | Noticed a cyclops
  5553 | D:7      | Noticed a two-headed ogre
  5561 | D:7      | Killed a two-headed ogre
  5562 | D:7      | Reached skill level 5 in Dodging
  5567 | D:7      | Killed a cyclops
  5774 | D:7      | Found a blossoming altar of Fedhas.
  5879 | D:7      | Noticed a manticore
  5888 | D:7      | Killed a manticore
  5998 | D:7      | Reached ***** piety under Trog
  6051 | D:7      | Found a glowing silver altar of Zin.
  6216 | D:8      | Found a staircase to the Lair.
  6242 | D:8      | Reached XP level 11. HP: 22/97 MP: 10/10
  6458 | D:8      | You fall into a shaft and drop 2 floors!
  6458 | D:10     | Entered Level 10 of the Dungeon
  6510 | D:9      | Noticed a two-headed ogre
  6515 | D:9      | Killed a two-headed ogre
  6603 | D:8      | Found an opulent altar of Gozag.
  6647 | D:7      | Found a staircase to the Ecumenical Temple.
  6656 | Temple   | Entered the Ecumenical Temple
  6950 | D:7      | Noticed a boulder beetle
  6984 | D:7      | Killed a boulder beetle
  6985 | D:7      | Reached skill level 10 in Maces & Flails
  7282 | D:7      | Identified a scroll of acquirement
  8087 | D:8      | Found Wupn's Weapon Emporium.
  8197 | D:8      | Found a shadowy altar of Dithmenos.
  8202 | D:8      | Reached skill level 10 in Fighting
  8410 | D:8      | Found a basalt altar of Yredelemnul.
  8524 | D:9      | Noticed a two-headed ogre
  8530 | D:9      | Noticed Amaemon
  8533 | D:9      | Killed a two-headed ogre
  8534 | D:9      | Reached skill level 1 in Throwing
  8544 | D:9      | Killed Amaemon
  8546 | D:9      | HP: 3/100 [poisoned by Amaemon]
  8546 | D:9      | HP: 1/100 [orange demon[Amaemon] (2)]
  9021 | D:9      | Found an iron altar of Okawaru.
  9196 | D:10     | Noticed Urug
  9201 | D:10     | Killed Urug
  9202 | D:10     | Reached skill level 10 in Armour
  9299 | D:9      | Found a burning altar of Makhleb.
  9301 | D:9      | Noticed a cacodemon
  9359 | D:9      | Found Bimyrr's Book Emporium.
  9771 | D:10     | Noticed a sixfirhy
  9913 | D:11     | Noticed Lodul
 10039 | D:10     | Found a staircase to the Orcish Mines.
 10086 | D:11     | Killed Lodul
 10087 | D:11     | Reached XP level 12. HP: 90/110 MP: 11/11
 10342 | D:10     | Found Tuynwoci's Antique Armour Shop.
 10432 | D:10     | Noticed Harold
 10443 | D:10     | Killed Harold
 10588 | D:10     | Noticed Psyche
 10601 | D:10     | Killed Psyche
 11464 | D:11     | Slain by a skeletal warrior

Illustrated notes

Levels and vault maps discovered:
D:1:      erik_arrival_blinker_ship, layout_rooms, dreamdust_princess_corridor
D:2:      layout_loops_cross, minivault_11
D:3:      layout_rooms, mainiacjoe_overflow_alcove_1, dancing_weapons_uskayaw,
          uniq_terence, uniq_sigmund
D:4:      layout_basic, kennysheep_little_box, serial_shops, shop,
          grunt_ministairs_12, uniq_ijyb
D:5:      minmay_bubble_buster, layout_loops_ring, mainiacjoe_overflow_24_doors,
          hellmonk_ghost_happy_afterlife, uniq_grinder
D:6:      layout_rooms, tgw_kikubaaqudgha, nicolae_hepliaklqana_hazy_memory,
          uniq_duvessa, uniq_crazy_yiuf_cottage
D:7:      minmay_chambers_of_sevens, layout_basic, lemuel_crystal_altar,
          lemuel_doored_altar, minmay_temple_entry_slanted,
          minmay_shattered_shrine
D:8:      layout_loops_ring, yredelemnul_forgotten_temple_becter,
          nicolae_overflow_crystal_walls, nicolae_ashenzari_skybound,
          grunt_dithmenos_shadows, erik_lair_orcish_takeover, serial_shops,
          shop, enter_ossuary_4
D:9:      layout_basic, mainiacjoe_overflow_alcove_4, makhleb_altar_promises_db,
          serial_shops, shop, minmay_misc_feat_encased, chequers_mini_garden,
          uniq_amaemon
D:10:     layout_loops_ring, orc_0_dummy, serial_shops, nicolae_shop_crystal,
          uniq_harold, uniq_psyche, uniq_urug
D:11:     layout_rooms, uniq_lodul
Temple:   nicolae_temple_superstar

Skill      XL: |  1  2  3  4  5  6  7  8  9 10 11 12 |
---------------+-------------------------------------+-----
Fighting       | 4 5 6 8 9 11 12 | 12.7
Axes           | 4 5 6 8 10 12 | 12.1
Armour         | 3 5 7 9 10 11 | 11.5
Dodging        | 3 4 5 6 7 |  7.3
Stealth        | 1 2 3 |  3.4
Maces & Flails | 2 9 11 | 11.8
Throwing       | 1 2 |  2.5
Evocations     | |  0.4

Action                   |  1- 3 |  4- 6 |  7- 9 | 10-12 || total
-------------------------+-------+-------+-------+-------++-------
Melee: Hand axe          |    49 |    84 |   132 |       ||   265
       Headbutt          |     6 |    14 |    29 |    88 ||   137
       Mace              |       |       |    39 |   378 ||   417
       Punch             |       |       |       |     8 ||     8
       Eveningstar       |       |       |       |    10 ||    10
Throw: Stone             |       |       |       |     2 ||     2
       Dart              |       |       |       |    16 ||    16
Invok: Berserk           |     1 |     2 |     4 |    10 ||    17
       Trog's Hand       |       |       |       |     4 ||     4
       Brothers in Arms  |       |       |       |     2 ||     2
Evoke: Wand              |       |     1 |     1 |       ||     2
  Use: Scroll            |       |       |       |    11 ||    11
       Potion            |       |       |       |     2 ||     2
 Stab: Confused          |       |       |       |     2 ||     2
       Sleeping          |       |       |       |     2 ||     2
Armor: Ring mail         |     9 |       |    13 |    91 ||   113
       Chain mail        |    18 |    41 |    56 |       ||   115
Dodge: Dodged            |    32 |    43 |    69 |   253 ||   397

Table legend: (Time is in decaauts)
 A = Elapsed time spent in this place.
 B = Non-inter-level travel time spent in this place.
 C = Inter-level travel time spent in this place.
 D = Time resting spent in this place.
 E = Time spent auto-exploring this place.
 F = Levels seen in this place.
 G = Mean time per level.
                   A        B        C        D        E       F      G
               +--------+--------+--------+--------+--------+-----+--------+
         Total |  11532 |  10802 |    730 |    347 |   7385 |  13 |  887.1 |
       Dungeon |  11048 |  10333 |    715 |    347 |   7037 |  11 | 1004.4 |
        Temple |    104 |     89 |     15 |      0 |     80 |   1 |  104.0 |
       Ossuary |    379 |    379 |      0 |      0 |    268 |   1 |  379.0 |
               +--------+--------+--------+--------+--------+-----+--------+

Top non-repeatable levels by time:
     D:7: 1976 daAuts
     D:5: 1269 daAuts
    D:10: 1187 daAuts
     D:8: 1151 daAuts
     D:9: 1114 daAuts
     D:4: 1030 daAuts
     D:2: 800 daAuts
    D:11: 694 daAuts
     D:6: 676 daAuts
     D:1: 585 daAuts
     D:3: 563 daAuts
 Ossuary: 379 daAuts
  Temple: 104 daAuts
